 Dungeon Crawl Stone Soup version 0.31-a0-1570-g93c622d222 (webtiles) character file.

Game seed: 78114936884200800

33 innerfire43 the Magician (level 3, 0/39 HPs)
             Began as a Demonspawn Wanderer on Jan 3, 2024.
             Succumbed to an adder's poison
             ... on level 2 of the Dungeon.
             The game lasted 00:02:35 (1135 turns).

innerfire43 the Magician (Demonspawn Wanderer)      Turns: 1135, Time: 00:02:36

Health: 0/39       AC: 21    Str: 13    XL:     3   Next: 12%
Magic:  8/8        EV:  2    Int: 10    God:
Gold:   63         SH:  4    Dex: 15    Spells: 9/10 levels left

rFire   . . .        a - +0 dagger
rCold   . . .        k - +0 buckler
rNeg    . . .        e - melded +0 leather armour
rPois   +            (helmet currently unavailable)
rElec   .            (cloak currently unavailable)
rCorr   .            (gloves currently unavailable)
SInv    .            (boots currently unavailable)
Will    .....        (no amulet)
Stlth   +            (no ring)
HPRegen 0.26/turn    (no ring)
MPRegen 0.22/turn

%: no passive effects
@: brilliant, lethally poisoned (0 -> -1), tree-form
A: stationary, stasis, torment immunity, boosted hp, magic regeneration
a: no special abilities


You were on level 2 of the Dungeon.
You were a tree.
You visited 1 branch of the dungeon, and saw 2 of its levels.

You collected 63 gold pieces.

Inventory:

Hand Weapons
 a - a +0 dagger (weapon)
Missiles
 b - 4 throwing nets
Armour
 e - a +0 leather armour (melded)
 k - a +0 buckler (worn)
Wands
 c - a wand of polymorph (6)
Scrolls
 d - a scroll of blinking
 f - a scroll of identify {unknown}
 h - a scroll of immolation {unknown}


   Skills:
 + Level 1.3 Fighting
 - Level 2.6 Dodging
 * Level 0.2 Shields
 * Level 4.2 Spellcasting
 * Level 1.1 Earth Magic
 + Level 2.4 Evocations


You had 9 spell levels left.
You knew the following spells:

 Your Spells              Type           Power      Damage    Failure   Level
a - Sandblast             Erth           12%        2d6       22%         1

Your spell library contained the following spells:

 Spells                   Type           Power      Damage    Failure   Level
 Magic Dart               Conj           12%        1d3       34%         1
 Slow                     Hex            12%        N/A       34%         1
 Searing Ray              Conj           6%         2d4       47%         2
 Passwall                 Erth           6%         N/A       54%         3
 Confusing Touch          Hex            3%         N/A       71%         3
 Sigil of Binding         Hex            3%         N/A       71%         3
 Vampiric Draining        Necr           3%         2d6       71%         3
 Fulminant Prism          Conj/Alch      1%         3d5       98%         4


Dungeon Overview and Level Annotations

Branches:
Dungeon (2/15)

Altars:


Innate Abilities, Weirdness & Mutations

You are a tree.
Your roots penetrate the ground, keeping you stationary.
You cannot be teleported.
You are immune to unholy pain and torment.
Your maximum health is greatly increased.
Your equipment is partially melded.
You regenerate magic rapidly.


Message History

You feel clever all of a sudden.
You feel sick. The adder closely misses you.
It was a potion of heal wounds.
You feel much better.
You feel sick.
You are no longer poisoned.
The adder barely misses you. The adder bites you.
You are poisoned.
The adder poisons you!
You barely miss the adder.
The adder is almost dead.
You feel sick. The adder barely misses you.
You hit the adder but do no damage.
The adder is almost dead.
You feel sick. The adder bites you. The adder barely misses you.
You miss the adder.
The adder is almost dead.
You feel sick. The adder bites you.
You are more poisoned.
The adder poisons you!
You miss the adder.
The adder is almost dead.
You feel sick. The adder bites you but does no damage.
You closely miss the adder.
The adder is almost dead.
* * * LOW HITPOINT WARNING * * *
You feel sick. The adder barely misses you. The adder bites you.
* * * LOW HITPOINT WARNING * * *
You hit the adder.
You kill the adder!
* * * LOW HITPOINT WARNING * * *
You feel sick.
You have reached level 3!
Your experience leads to an increase in your attributes!
Increase (S)trength, (I)ntelligence, or (D)exterity?
You feel stronger. x2
It was a potion of lignification.
You turn into a tree.
Your +0 leather armour melds into your body.
Your roots penetrate the ground.
* * * LOW HITPOINT WARNING * * *
You feel sick.
You die...

# #.......####.#
#.......####.###
####.###.......#
#.# #.###.#.# #
#.###.# # #
#.##..# #..
#.##.##
.....#.##.##.#
......†♣.....#
.......##.#...#
....... .......#
....... #.#...##
......# #.##.##
.....# #.# ##
#...# #.# ##+#
>#


There were no monsters in sight!

Vanquished Creatures
  An adder (D:2)
  A dart slug (D:1)
  3 bats
  2 endoplasms (D:1)
  A giant cockroach (D:1)
  A goblin (D:1)
  2 hobgoblins (D:1)
  A quokka (D:1)
  2 ball pythons (D:1)
  A frilled lizard (D:1)
  2 kobolds (D:1)
  5 rats
22 creatures vanquished.

Notes
Turn   | Place    | Note
-------+----------+-------------------------------------------
     0 | D:1      | innerfire43 the Demonspawn Wanderer began the quest for the
                  | Orb.
     0 | D:1      | innerfire43 set off with the following items: a +0 dagger,
                  | 4 throwing nets, a wand of polymorph (6), a scroll of
                  | blinking, a +0 leather armour; and the following spell
                  | memorised: Sandblast; and the following spells available to
                  | memorise: Passwall.
     0 | D:1      | Reached XP level 1. HP: 15/15 MP: 5/5
   317 | D:1      | Gained mutation: You regenerate magic rapidly. [demonic
                  | ancestry]
   317 | D:1      | Reached XP level 2. HP: 18/21 MP: 0/7
   547 | D:1      | Reached skill level 1 in Earth Magic
  1133 | D:2      | HP: 1/21 [poisoned by an adder]
  1134 | D:2      | Reached XP level 3. HP: 1/26 MP: 8/8
  1135 | D:2      | Succumbed to an adder's poison

Illustrated notes

Levels and vault maps discovered:
D:1:      dpeg_arrival_more_subterranean_lakeside_camping, layout_loops_ring,
          serial_rivers, chequers_serial_rivers_micro_d,
          chequers_serial_rivers_large_b, chequers_serial_rivers_micro_b,
          chequers_serial_rivers_micro_d, chequers_serial_rivers_micro_b,
          chequers_serial_rivers_room_b, grunt_decor_fettered
D:2:      layout_loops_corners

Skill      XL: |  1  2 |
---------------+-------+-----
Earth Magic    | 1 |  1.1
Fighting       | |  1.3
Dodging        | |  2.6
Shields        | |  0.2
Spellcasting   | |  4.2
Evocations     | |  2.4

Action                     || total
---------------------------++-------
  Melee: Dagger            ||    38
  Throw: Throwing net      ||     4
   Cast: Sandblast         ||    26
    Use: Potion            ||     3
   Stab: Sleeping          ||     1
 Armour: Leather armour    ||    29
  Dodge: Dodged            ||    45
  Block: Buckler           ||     4

Table legend: (Time is in decaauts)
 A = Elapsed time spent in this place.
 B = Non-inter-level travel time spent in this place.
 C = Inter-level travel time spent in this place.
 D = Time resting spent in this place.
 E = Time spent auto-exploring this place.
 F = Levels seen in this place.
 G = Mean time per level.
                   A        B        C        D        E       F      G
               +--------+--------+--------+--------+--------+-----+--------+
         Total |   1181 |   1178 |      3 |      0 |    975 |   2 |  590.5 |
       Dungeon |   1181 |   1178 |      3 |      0 |    975 |   2 |  590.5 |
               +--------+--------+--------+--------+--------+-----+--------+

Top non-repeatable levels by time:
     D:1: 937 daAuts
     D:2: 243 daAuts
